[Event "Early Titled Tuesday Blitz | February 8 2022"]
[White "Mohammed, Dilshad"]
[Black "De Souza, Cristiano Gomes"]
[WhiteFideId "5050421"]
[BlackFideId "2151758"]
[WhiteElo "2153"]
[BlackElo "2068"]
[Result "1-0"]
[Round "11"]
[TimeControl "180+1"]
[Date "2022.02.08"]
[WhiteClock "0:02:33"]
[BlackClock "0:02:48"]

1. Nf3 Nf6 2. c4 g6 3. Nc3 Bg7 4. e4 d6 5. d4 O-O 6. Be2 e5 7. O-O Nc6 8. d5 Ne7 9. b4 Ng4 10. Ng5 Nh6 11. Be3 f5 12. f3 f4 13. Bf2 Nf7 14. Ne6 Bxe6 15. dxe6 Nc6 16. exf7+ 1-0


[Site "https://www.chess.com"]

[Event "Early Titled Tuesday Blitz | February 8 2022"]
[White "Moroni, Luca Jr"]
[Black "Goryachkina, Aleksandra"]
[WhiteFideId "865834"]
[BlackFideId "4147103"]
[WhiteElo "2573"]
[BlackElo "2426"]
[Result "1-0"]
[Round "11"]
[TimeControl "180+1"]
[Date "2022.02.08"]
[WhiteClock "0:00:12"]
[BlackClock "0:00:05"]

1. Nc3 c5 2. d4 cxd4 3. Qxd4 Nc6 4. Qh4 d5 5. Nf3 Nf6 6. Bg5 e6 7. O-O-O Bb4 8. Ne4 Be7 9. Nxf6+ Bxf6 10. Bxf6 Qxf6 11. Qxf6 gxf6 12. e3 Bd7 13. c4 dxc4 14. Bxc4 Rc8 15. Kb1 Ke7 16. Be2 Rhg8 17. g3 Ne5 18. Nxe5 fxe5 19. Bf3 Bc6 20. Bxc6 Rxc6 21. Rc1 Rxc1+ 22. Rxc1 Kd7 23. Rc4 Rg6 24. Rh4 h6 25. Kc2 Rf6 26. f4 Kd6 27. Kd3 Rg6 28. fxe5+ Kxe5 29. Rd4 Rf6 30. Rd7 b6 31. Ke2 Rf5 32. Rxa7 Kd6 33. a3 h5 34. Rb7 Kc6 35. Rb8 Rb5 36. Rc8+ Kd6 37. b4 Re5 38. h4 Kd7 39. Rg8 f6 40. g4 Re4 41. Kd3 f5 42. gxf5 exf5 43. Rg5 Rxh4 44. Rxf5 Kc6 45. Rf4 Rxf4 46. exf4 b5 47. Ke4 Kd6 48. Kf5 Kd5 49. Kg5 Ke4 50. f5 h4 51. f6 h3 52. f7 1-0


[Site "https://www.chess.com"]

[Event "Early Titled Tuesday Blitz | February 8 2022"]
[White "Mosutha, Thuso"]
[Black "Martinez Lopez, David"]
[WhiteFideId "11302550"]
[BlackFideId "22235779"]
[WhiteElo "2028"]
[BlackElo "2380"]
[Result "1-0"]
[Round "11"]
[TimeControl "180+1"]
[Date "2022.02.08"]
[WhiteClock "0:00:02"]
[BlackClock "0:00:01"]

1. d4 Nf6 2. c4 g6 3. Nf3 Bg7 4. g3 O-O 5. Bg2 d6 6. O-O Nc6 7. d5 Na5 8. Qa4 c5 9. Bd2 b6 10. Bxa5 bxa5 11. Nc3 Rb8 12. Qc2 Nd7 13. Rac1 Nb6 14. b3 a4 15. e4 e5 16. Nd2 f5 17. f3 Bh6 18. Qd3 Qg5 19. f4 Qe7 20. Rce1 axb3 21. axb3 exf4 22. exf5 Qg7 23. fxg6 hxg6 24. gxf4 Bxf4 25. Nce4 Bd7 26. Kh1 Qh6 27. Nf3 Bg4 28. Kg1 Bxf3 29. Rxf3 Qxh2+ 30. Kf1 Be5 31. Nf2 Kg7 32. Ng4 Qh5 33. Nxe5 dxe5 34. Qe3 Rxf3+ 35. Bxf3 Rf8 36. Kg2 Qf5 37. Rh1 Nd7 38. Qh6+ Kf6 39. Rf1 Ke7 40. Qh4+ Kd6 41. Qf2 Nf6 42. Ra1 e4 43. Qg3+ Ke7 44. Rxa7+ Nd7 45. Qh4+ Ke8 46. Qxe4+ Qxe4 47. Bxe4 Rf6 48. Kg3 Rb6 49. Kf4 Rxb3 50. Bxg6+ Kd8 51. Bf5 Nb6 52. Kg5 Nxc4 53. Rd7+ Ke8 54. Kf6 1-0


[Site "https://www.chess.com"]

[Event "Early Titled Tuesday Blitz | February 8 2022"]
[White "Muradov, Soltan"]
[Black "Turzo, Attila"]
[WhiteFideId "14002108"]
[BlackFideId "704954"]
[WhiteElo "1854"]
[BlackElo "2470"]
[Result "1-0"]
[Round "11"]
[TimeControl "180+1"]
[Date "2022.02.08"]
[WhiteClock "0:00:06"]
[BlackClock "0:00:16"]

1. c4 c6 2. Nf3 d5 3. e3 Nf6 4. b3 Nbd7 5. Bb2 e6 6. d4 Bd6 7. Nbd2 O-O 8. Bd3 Qe7 9. O-O e5 10. dxe5 Nxe5 11. Nxe5 Bxe5 12. Bxe5 Qxe5 13. Nf3 Qe7 14. Qc2 Bg4 15. Nd4 dxc4 16. Bxc4 g6 17. h3 Bd7 18. Rad1 a6 19. Nf3 Rfe8 20. Rd2 b5 21. Be2 c5 22. Rfd1 Bf5 23. Qb2 Ne4 24. Rd5 Be6 25. Re5 Nf6 26. Ng5 Nd7 27. Rxd7 Qxd7 28. Ne4 Qd8 29. Rxc5 Re7 30. Nf6+ Kf8 31. Nxh7+ Kg8 32. Nf6+ Kf8 33. Nd5 Kg8 34. Nxe7+ Qxe7 35. Qc1 Rd8 36. Bf3 Qf6 37. Qc3 Qe7 38. Kh2 Qd7 39. g3 Qd2 40. Qxd2 Rxd2 41. Kg2 Rxa2 42. b4 Ra4 43. Rc6 Kg7 44. Rb6 Kf6 45. Bb7 Rxb4 46. Bxa6 Ke7 47. Rxb5 Bd5+ 48. Rxd5 Rb6 49. Be2 Ke6 50. Rd4 Rb3 51. Bf3 Ke5 52. g4 Rb2 53. Re4+ Kf6 54. Rf4+ Kg5 55. Kg3 f5 56. h4+ Kf6 57. g5+ Ke5 58. Rd4 Rb1 59. Rd5+ Ke6 60. Kg2 Ra1 61. Rb5 Rc1 62. Rb6+ Ke5 63. Rxg6 f4 64. exf4+ Kxf4 65. Rf6+ Ke5 66. h5 Rc8 67. h6 Rg8 68. Ra6 Rxg5+ 69. Kf1 Rg8 70. h7 Rh8 71. Ra7 Kf4 72. Ke2 Re8+ 73. Be4 Rxe4+ 74. Kd2 Re8 75. Rg7 Kf3 76. Rf7+ Kg4 77. Rg7+ Kf3 78. Rg8 Re2+ 79. Kd3 Rxf2 80. Rf8+ Kg3 81. Rxf2 Kxf2 82. h8=Q Kg3 83. Qd4 Kf3 84. Qe3+ Kg2 85. Ke2 Kh1 86. Qf4 Kg2 87. Qg4+ Kh1 88. Kf2 1-0


[Site "https://www.chess.com"]

[Event "Early Titled Tuesday Blitz | February 8 2022"]
[White "Murzin, Volodar"]
[Black "Indjic, Aleksandar"]
[WhiteFideId "44155573"]
[BlackFideId "911925"]
[WhiteElo "2585"]
[BlackElo "2616"]
[Result "1-0"]
[Round "11"]
[TimeControl "180+1"]
[Date "2022.02.08"]
[WhiteClock "0:00:36"]
[BlackClock "0:01:08"]

1. e4 e5 2. Nf3 Nc6 3. Bb5 a6 4. Ba4 Bc5 5. O-O d6 6. c3 Ba7 7. d4 Bd7 8. Bxc6 Bxc6 9. dxe5 dxe5 10. Nxe5 Bxe4 11. Qa4+ Bc6 12. Nxc6 bxc6 13. Qxc6+ Kf8 14. Bf4 Ne7 15. Qxc7 Nd5 16. Bd6+ Kg8 17. Qc6 Nf6 18. Be7 Qe8 19. Qf3 Ng4 20. Nd2 h5 21. Rae1 Rh6 22. Bg5 Re6 23. Rxe6 fxe6 24. h3 Ne5 25. Qe4 Nf7 26. Bf4 Rd8 27. Nc4 Qb5 28. Qxe6 Re8 29. Qxf7+ Kxf7 30. Nd6+ 1-0


[Site "https://www.chess.com"]

[Event "Early Titled Tuesday Blitz | February 8 2022"]
[White "Navalgund, Niranjan"]
[Black "Kostiukov, Alexandr"]
[WhiteFideId "5030854"]
[BlackFideId "14108100"]
[WhiteElo "2290"]
[BlackElo "2202"]
[Result "0-1"]
[Round "11"]
[TimeControl "180+1"]
[Date "2022.02.08"]
[WhiteClock "0:00:06"]
[BlackClock "0:00:31"]

1. e4 c5 2. d4 cxd4 3. c3 g6 4. h4 h5 5. Bc4 d3 6. Qf3 e6 7. Bg5 Be7 8. Nh3 Nc6 9. Bf4 Bxh4 10. Bxd3 Be7 11. Nd2 Nf6 12. Ng5 d5 13. Bg3 e5 14. O-O-O Bg4 15. Qe3 Bxd1 16. Rxd1 Ng4 17. Qe2 Bxg5 18. exd5 Qxd5 19. Bc4 Qxg2 20. Kb1 O-O 21. Qd3 Kg7 22. Bd5 Rad8 23. c4 Nb4 24. Qc3 Nxd5 25. cxd5 Qxd5 26. Ka1 f6 27. a3 Bxd2 28. Qc2 Qd3 0-1


[Site "https://www.chess.com"]

[Event "Early Titled Tuesday Blitz | February 8 2022"]
[White "Necula, Iulian"]
[Black "Zaichenko, Daria"]
[WhiteFideId "1232380"]
[BlackFideId "4197453"]
[WhiteElo "1776"]
[BlackElo "2039"]
[Result "0-1"]
[Round "11"]
[TimeControl "180+1"]
[Date "2022.02.08"]
[WhiteClock "0:00:10"]
[BlackClock "0:00:07"]

1. b4 e6 2. b5 d5 3. Bb2 Bd7 4. a4 a6 5. e3 axb5 6. axb5 Rxa1 7. Bxa1 Nf6 8. Nf3 c5 9. bxc6 bxc6 10. Be2 Bd6 11. d4 O-O 12. O-O c5 13. c4 dxc4 14. Bxc4 cxd4 15. Bxd4 Bc7 16. Qc2 Nc6 17. Ba1 Na5 18. Bd3 Bd6 19. Rd1 Qe7 20. Nc3 Rc8 21. Qa2 Nc6 22. Ne4 Nb4 23. Qe2 Nxd3 24. Qxd3 Nxe4 25. Qxe4 f6 26. Qd3 Ba4 27. Rf1 Rb8 28. Qe4 Bb3 29. Nd4 Bd5 30. Qg4 f5 31. Qe2 Rc8 32. Rd1 Qh4 33. g3 Qh3 34. Qf1 Qh5 35. h3 Be5 36. Kh2 Bxd4 37. Bxd4 Bf3 38. Rc1 Re8 39. Rc7 e5 40. Qc4+ Kh8 41. Bxe5 Rxe5 42. Rc8+ Re8 43. Rxe8+ Qxe8 44. Qf4 Be4 45. g4 g6 46. gxf5 Bxf5 47. f3 Qf7 48. e4 Be6 49. Qe5+ Kg8 50. f4 Bc4 51. Kg3 Qd7 52. Qb8+ Kf7 53. Qe5 Bf1 54. f5 gxf5 55. Qxf5+ Qxf5 56. exf5 Bd3 57. Kg4 Kf6 58. h4 Bxf5+ 59. Kh5 Kg7 60. Kg5 Bd7 61. Kf4 Kf6 62. Kg3 h5 63. Kf4 Be6 64. Ke4 Bg4 65. Kf4 Ke6 66. Ke4 Kd6 67. Kf4 Kd5 68. Ke3 Ke5 69. Kf2 Ke4 70. Kg3 Ke3 71. Kh2 Kf4 72. Kg2 Bf5 73. Kh2 Kg4 74. Kg2 Kxh4 75. Kh2 Kg4 76. Kg2 h4 77. Kh2 h3 78. Kh1 Kg3 79. Kg1 h2+ 80. Kh1 Be4# 0-1


[Site "https://www.chess.com"]

[Event "Early Titled Tuesday Blitz | February 8 2022"]
[White "Nilsen, Tobias Lang"]
[Black "Aloma Vidal, Robert"]
[WhiteFideId "1521624"]
[BlackFideId "2260409"]
[WhiteElo "2013"]
[BlackElo "2435"]
[Result "1-0"]
[Round "11"]
[TimeControl "180+1"]
[Date "2022.02.08"]
[WhiteClock "0:00:09"]
[BlackClock "0:00:23"]

1. f4 d5 2. Nf3 g6 3. g3 Bg7 4. Bg2 Nf6 5. O-O O-O 6. d3 c5 7. Nc3 Nc6 8. e4 dxe4 9. dxe4 Bg4 10. Be3 Qb6 11. Na4 Qb5 12. c4 Qxc4 13. e5 Rfd8 14. Qb3 Qxb3 15. axb3 Nd5 16. Bxc5 Rac8 17. Rac1 b6 18. Bf2 Ncb4 19. Nd4 Rxc1 20. Rxc1 Nd3 21. Nc6 Nxc1 22. Nxd8 Nb4 23. Nc6 Nxc6 24. Bxc6 Nxb3 25. Nc3 Kf8 26. Nb5 a6 27. Nc7 Na5 28. Bd5 b5 29. Nxa6 f6 30. b4 Nc4 31. Bxc4 bxc4 32. Bd4 fxe5 33. fxe5 Ke8 34. Kf2 Kd7 35. e6+ Kc6 36. Bxg7 Kb5 37. Nb8 Bxe6 38. Ke3 Kxb4 39. Kd2 Kc5 40. Kc3 Kd6 41. Na6 Bf7 42. Nb4 e5 43. Nc2 e4 44. Ne3 Kc5 45. Bd4+ Kb5 46. h4 Be6 47. Ng2 h5 48. Nf4 Bf7 49. Ng2 Kc6 50. Ne3 Kb5 51. Be5 Be6 52. Nc2 Kc5 53. Bf4 Bf7 54. Be3+ Kd5 55. Nb4+ Ke5 56. Bf4+ Kf5 57. Kd4 Kg4 58. Nc2 Kf3 59. Ne3 c3 60. Kxc3 Be6 61. Kd4 Bd7 62. Ke5 Bc6 63. Nc4 Be8 64. Nd2+ Kg4 65. Nxe4 Bc6 66. Nf6+ Kf3 67. Kd6 Ba4 68. Ke7 Bc2 69. Kf7 Kg2 70. Nd5 Kh3 71. Ne7 Kg4 72. Nxg6 Bb3+ 73. Kg7 Kf5 74. Ne5 Bd1 75. Kh6 Kf6 76. Nd3 Be2 77. Nb4 Bd1 78. Nc6 Be2 79. Ne5 Kf5 80. Nf7 Kf6 81. Nh8 Bg4 82. Ng6 Bd1 83. Nf8 Be2 84. Nh7+ Kf5 85. Ng5 Kf6 86. Be3 Bg4 87. Nh3 Kf5 88. Nf4 Ke4 89. Bc1 Kf3 90. Nxh5 Bd7 91. Bf4 Kg4 92. Nf6+ Kh3 93. Nxd7 1-0


[Site "https://www.chess.com"]

[Event "Early Titled Tuesday Blitz | February 8 2022"]
[White "Odegov, Artem"]
[Black "Gombocz, Ferenc Jr."]
[WhiteFideId "34183644"]
[BlackFideId "775029"]
[WhiteElo "2277"]
[BlackElo "1913"]
[Result "1/2-1/2"]
[Round "11"]
[TimeControl "180+1"]
[Date "2022.02.08"]
[WhiteClock "0:02:33"]
[BlackClock "0:02:07"]

1. d4 d5 2. c4 c6 3. Nf3 Nf6 4. Nc3 a6 5. cxd5 cxd5 6. Bf4 Nc6 7. e3 Qb6 8. Qd2 Ne4 9. Nxe4 dxe4 10. Ne5 Nxe5 11. Bxe5 Bd7 12. Be2 f6 13. Bg3 e6 14. O-O Bb4 15. Qc2 Bc6 16. a3 Be7 17. Rac1 O-O 18. Bc4 Bd5 19. Bxd5 exd5 20. b4 Rac8 21. Qb3 Qe6 22. b5 axb5 23. Qxb5 Bxa3 24. Ra1 Bd6 25. Qxb7 Bxg3 26. hxg3 Rb8 27. Qa6 Qxa6 28. Rxa6 Rfd8 29. Ra5 Rb2 30. Rc1 h6 31. Rcc5 Rb1+ 32. Kh2 Rb2 33. Rxd5 Rxd5 34. Rxd5 Rxf2 35. Rd8+ Kf7 36. Rd7+ Kf8 37. Rd6 Re2 38. Re6 Rxe3 39. d5 Kf7 40. Kh3 Rd3 41. Rxe4 Rxd5 42. Ra4 Kg6 43. g4 Rd3+ 44. g3 Rd1 45. Ra5 Rh1+ 46. Kg2 Rb1 47. Kh3 1/2-1/2


[Site "https://www.chess.com"]

[Event "Early Titled Tuesday Blitz | February 8 2022"]
[White "Omariev, Maksim"]
[Black "Tay, Junior"]
[WhiteFideId "4193423"]
[BlackFideId "5800439"]
[WhiteElo "2528"]
[BlackElo "2216"]
[Result "1-0"]
[Round "11"]
[TimeControl "180+1"]
[Date "2022.02.08"]
[WhiteClock "0:00:06"]
[BlackClock "0:00:28"]

1. e4 Nc6 2. Nf3 e5 3. Bb5 f5 4. d3 fxe4 5. dxe4 Nf6 6. Qd3 Bc5 7. O-O d6 8. Qc4 Qe7 9. b4 Be6 10. Qc3 Bb6 11. Bxc6+ bxc6 12. Qxc6+ Kf7 13. Ng5+ Kg6 14. Nxe6 Qxe6 15. Nc3 Rhf8 16. Na4 h6 17. h3 Kh7 18. Nxb6 cxb6 19. Rd1 Rfd8 20. Be3 Rac8 21. Qb7 Rxc2 22. Qxa7 Nxe4 23. Qxb6 Qf6 24. a4 Rf8 25. Rf1 Nc3 26. a5 Nd5 27. Qa7 Rf7 28. Qb7 Qe6 29. Qa8 Re2 30. Rae1 Rb2 31. Rb1 Ra2 32. a6 e4 33. b5 Nc3 34. Ra1 Ne2+ 35. Kh1 Rc2 36. Rad1 Nc3 37. Rc1 Nxb5 38. Rxc2 Nd4 39. Bxd4 Qb3 40. Rd2 Qc4 41. Qxe4+ Kg8 42. Qd3 Qd5 43. Be3 Qa5 44. a7 d5 45. Qxd5 Qa6 46. a8=Q+ Qxa8 47. Qxa8+ Kh7 48. Qe4+ g6 49. Rd6 Rg7 50. Rc1 Rc7 51. Rxc7+ 1-0


[Site "https://www.chess.com"]

[Event "Early Titled Tuesday Blitz | February 8 2022"]
[White "Orlov, Georgi"]
[Black "Le Ruyet, Leopold"]
[WhiteFideId "2011271"]
[BlackFideId "645923"]
[WhiteElo "2473"]
[BlackElo "2276"]
[Result "1-0"]
[Round "11"]
[TimeControl "180+1"]
[Date "2022.02.08"]
[WhiteClock "0:00:25"]
[BlackClock "0:00:14"]

1. d4 d5 2. Nf3 c5 3. c4 dxc4 4. e3 cxd4 5. Bxc4 Nf6 6. O-O e6 7. exd4 Be7 8. Nc3 O-O 9. Re1 Nc6 10. Bg5 Nb4 11. a3 Nbd5 12. Ne5 Nxc3 13. bxc3 Nd5 14. Bxe7 Nxe7 15. Qf3 Qc7 16. Bd3 Bd7 17. Re3 Nf5 18. Bxf5 exf5 19. d5 Rae8 20. d6 Qc8 21. Rd1 g6 22. Rd4 Re6 23. Qd5 Rfe8 24. Rc4 Qd8 25. Rc7 Bc8 26. Nxf7 Qf6 27. Nh6+ Kh8 28. d7 Rxe3 29. fxe3 Bxd7 30. Qxd7 1-0


[Site "https://www.chess.com"]

[Event "Early Titled Tuesday Blitz | February 8 2022"]
[White "Oro, Luis"]
[Black "Farmani Anosheh, Armin"]
[WhiteFideId "104094"]
[BlackFideId "24613240"]
[WhiteElo "2284"]
[BlackElo "2289"]
[Result "1-0"]
[Round "11"]
[TimeControl "180+1"]
[Date "2022.02.08"]
[WhiteClock "0:00:46"]
[BlackClock "0:00:07"]

1. e4 c5 2. Nf3 d6 3. d4 cxd4 4. Nxd4 Nf6 5. Nc3 Nc6 6. f3 e5 7. Nb3 Be6 8. Be3 d5 9. exd5 Nxd5 10. Nxd5 Qxd5 11. Qxd5 Bxd5 12. O-O-O O-O-O 13. Bb5 a6 14. Be2 Kc7 15. Rhe1 Be7 16. Bf2 f6 17. Bd3 g6 18. c3 Bd6 19. Bc2 Bf7 20. g4 Rhe8 21. Bg3 Ne7 22. h4 Nd5 23. Nd2 Nf4 24. Bxf4 exf4 25. Bb3 Bxb3 26. axb3 Re3 27. Kc2 Be5 28. Rxe3 fxe3 29. Nc4 Re8 30. Nxe3 Bg3 31. Nd5+ Kc6 32. Nxf6 Re3 33. h5 Rxf3 34. Nxh7 gxh5 35. gxh5 Bf4 36. Nf6 Rf2+ 37. Kb1 Bh6 38. Ng4 Rd2 39. Rxd2 Bxd2 40. h6 Bf4 41. h7 Be5 42. Nxe5+ 1-0


[Site "https://www.chess.com"]

[Event "Early Titled Tuesday Blitz | February 8 2022"]
[White "Osmak, Yuliia"]
[Black "Kanyamarala, Trisha"]
[WhiteFideId "14101602"]
[BlackFideId "45004722"]
[WhiteElo "2302"]
[BlackElo "2002"]
[Result "1-0"]
[Round "11"]
[TimeControl "180+1"]
[Date "2022.02.08"]
[WhiteClock "0:00:52"]
[BlackClock "0:00:06"]

1. e4 c5 2. b3 g6 3. Bb2 Nf6 4. e5 Nd5 5. Bc4 e6 6. Nf3 Nb6 7. Be2 Bg7 8. O-O O-O 9. c4 d6 10. d4 cxd4 11. Qxd4 Nc6 12. Qe3 Nd7 13. Rd1 Ndxe5 14. Nxe5 Nxe5 15. Nc3 a6 16. Ba3 Re8 17. Bxd6 Nc6 18. Be5 Nxe5 19. Rxd8 Rxd8 20. Rd1 Rxd1+ 21. Bxd1 Bd7 22. Ne4 Bc6 23. f4 Nd7 24. Bf3 Rd8 25. Kf1 b5 26. c5 Bd5 27. a3 Bf8 28. b4 Bc4+ 29. Be2 Bd5 30. Nc3 Bc6 31. Bf3 Rc8 32. Bxc6 Rxc6 33. Qf3 Rc7 34. Ne4 Be7 35. Qd3 Nf6 36. Nxf6+ Bxf6 37. Qd6 Rc8 38. Qxa6 1-0


[Site "https://www.chess.com"]

[Event "Early Titled Tuesday Blitz | February 8 2022"]
[White "Osmonbekov, Talaibek"]
[Black "Al Mukhaini, Shima"]
[WhiteFideId "2017253"]
[BlackFideId "22005854"]
[WhiteElo "2135"]
[BlackElo "2394"]
[Result "1-0"]
[Round "11"]
[TimeControl "180+1"]
[Date "2022.02.08"]
[WhiteClock "0:02:30"]
[BlackClock "0:02:39"]

1. d4 e5 2. dxe5 Nc6 3. Nf3 Qe7 4. Bf4 Qb4+ 5. Bd2 Qxb2 6. Nc3 a6 7. Rb1 Qa3 8. Rb3 Qc5 9. e4 b5 10. Nd5 Kd8 11. Be3 Nxe5 12. Bxc5 Nxf3+ 13. Qxf3 Bxc5 14. Qxf7 1-0


[Site "https://www.chess.com"]

[Event "Early Titled Tuesday Blitz | February 8 2022"]
[White "Ovetchkin, Roman"]
[Black "Borisova, Ekaterina"]
[WhiteFideId "4119991"]
[BlackFideId "34124184"]
[WhiteElo "2409"]
[BlackElo "2034"]
[Result "0-1"]
[Round "11"]
[TimeControl "180+1"]
[Date "2022.02.08"]
[WhiteClock "0:00:02"]
[BlackClock "0:00:03"]

1. d4 Nf6 2. c4 e6 3. g3 d5 4. Bg2 dxc4 5. Nf3 a6 6. O-O Nc6 7. Be3 Rb8 8. Qc1 b5 9. b3 Na5 10. Ne5 Nd5 11. bxc4 bxc4 12. Bd2 Bb4 13. Nxc4 Nxc4 14. Qxc4 O-O 15. Rc1 a5 16. e3 Bb7 17. a3 Bd6 18. Bxa5 Ra8 19. Be1 Nb6 20. Qc2 Bxg2 21. Kxg2 Qg5 22. Qc6 h5 23. a4 h4 24. Nc3 Nd5 25. Nxd5 exd5 26. Qd7 Rfd8 27. Qh3 hxg3 28. hxg3 Qg6 29. Qh4 Re8 30. a5 Re4 31. Qh3 Re6 32. Kg1 Qd3 33. Qf1 Qe4 34. Qg2 Qd3 35. Qxd5 Ra7 36. Rc3 Qe2 37. Rb3 Rh6 38. Rb8+ Bf8 39. Qe4 Qh5 40. Rab1 Qh2+ 41. Kf1 g6 42. Re8 Kg7 43. Rbb8 Qh3+ 0-1


[Site "https://www.chess.com"]

[Event "Early Titled Tuesday Blitz | February 8 2022"]
[White "Papasimakopoulos, Alexandros"]
[Black "Khripachenko, Alexander"]
[WhiteFideId "4244125"]
[BlackFideId "54184975"]
[WhiteElo "2340"]
[BlackElo "2177"]
[Result "1-0"]
[Round "11"]
[TimeControl "180+1"]
[Date "2022.02.08"]
[WhiteClock "0:00:53"]
[BlackClock "0:00:09"]

1. d4 Nf6 2. c4 g6 3. Nc3 d5 4. Nf3 Bg7 5. Qb3 dxc4 6. Qxc4 O-O 7. e4 a6 8. Be2 b5 9. Qb3 c5 10. dxc5 Bb7 11. e5 Nfd7 12. Be3 Nxe5 13. Nxe5 Bxe5 14. O-O Qc7 15. f4 Bg7 16. a4 bxa4 17. Nxa4 Nd7 18. Rfd1 Rfd8 19. Rxd7 Rxd7 20. Nb6 Bd4 21. Nxd7 Qxf4 22. Qxb7 Qxe3+ 23. Kh1 Re8 24. Bxa6 Qd2 25. c6 Bxb2 26. Rb1 Bc1 27. Bf1 Qe1 28. Qb5 Rc8 29. Ne5 Kg7 30. Nf3 Qe3 31. Qe5+ Qxe5 32. Nxe5 Bf4 33. Nd3 Be3 34. Nb4 Bd2 35. Ba6 Rc7 36. Bb7 Bxb4 37. Rxb4 Kf6 38. Kg1 e5 39. Kf2 Ke6 40. Ke3 f5 41. Rb1 Rf7 42. Rc1 Kd6 43. Rd1+ Ke6 44. Rd7 1-0


[Site "https://www.chess.com"]

[Event "Early Titled Tuesday Blitz | February 8 2022"]
[White "Papp, Petra"]
[Black "Terletsky, Oleg"]
[WhiteFideId "739049"]
[BlackFideId "14116774"]
[WhiteElo "2259"]
[BlackElo "2050"]
[Result "1-0"]
[Round "11"]
[TimeControl "180+1"]
[Date "2022.02.08"]
[WhiteClock "0:00:15"]
[BlackClock "0:00:01"]

1. e4 e5 2. Nf3 Nc6 3. Bc4 Nf6 4. d3 h6 5. O-O d6 6. c3 g6 7. Re1 Bg7 8. b4 O-O 9. Nbd2 Nh5 10. Nf1 Kh7 11. a4 Qe8 12. b5 Nd8 13. d4 Ne6 14. Ba3 Rg8 15. Qd2 Nef4 16. Ne3 f5 17. Bxg8+ Qxg8 18. dxe5 fxe4 19. exd6 exf3 20. d7 Bxd7 21. Qxd7 Rd8 22. Qxc7 fxg2 23. Bd6 Ne6 24. Qe7 Kh8 25. Nxg2 Ng5 26. Bg3 Nf3+ 27. Kh1 Nxe1 28. Rxe1 Nxg3+ 29. hxg3 Bxc3 30. Rc1 Bg7 31. Nf4 Kh7 32. Rc7 Re8 33. Qd7 Qf8 34. Ne6 Qf3+ 35. Kg1 1-0


[Site "https://www.chess.com"]

[Event "Early Titled Tuesday Blitz | February 8 2022"]
[White "Perez Gormaz, Matias"]
[Black "Budrewicz, Krzysztof"]
[WhiteFideId "3406342"]
[BlackFideId "1127950"]
[WhiteElo "2352"]
[BlackElo "2248"]
[Result "1-0"]
[Round "11"]
[TimeControl "180+1"]
[Date "2022.02.08"]
[WhiteClock "0:00:31"]
[BlackClock "0:01:36"]

1. e4 c5 2. Nf3 e6 3. g3 Nc6 4. Bg2 Nf6 5. Qe2 e5 6. O-O Be7 7. Nc3 O-O 8. d3 d6 9. Bg5 Be6 10. Bxf6 Bxf6 11. Nd5 Bxd5 12. exd5 Nd4 13. Qd1 b5 14. Nd2 g6 15. Bh3 Bg7 16. c3 Nf5 17. Bxf5 gxf5 18. Qh5 Qf6 19. a4 a6 20. Rfe1 Qg6 21. Qh3 f4 22. Ne4 f5 23. Nd2 fxg3 24. hxg3 Bh6 25. Nf3 Kg7 26. axb5 axb5 27. Rxa8 Rxa8 28. Nh4 Qg5 29. Nxf5+ Kg6 30. Nxd6 Rf8 31. Qe6+ Rf6 32. Qg8+ Kh5 33. Qxg5+ Bxg5 34. Ne4 Rf3 35. Nxg5 Kxg5 36. Rxe5+ Kf6 37. Re6+ Kf7 38. Rc6 Rxd3 39. Rxc5 b4 40. cxb4 Rb3 41. Rc4 Rxb2 42. Rd4 Ke7 43. d6+ Kd7 44. Kg2 Rb3 45. f4 h5 46. Kh3 Rc3 47. Kh4 Rb3 48. f5 Rf3 49. Kxh5 Rxf5+ 50. Kg6 Re5 51. g4 Re6+ 52. Kf5 Re8 53. g5 Rf8+ 54. Kg6 Rg8+ 55. Kf6 Rf8+ 56. Kg7 Rf5 57. g6 Rf1 58. Kg8 Rf4 59. Rxf4 1-0


[Site "https://www.chess.com"]

[Event "Early Titled Tuesday Blitz | February 8 2022"]
[White "Pesotskiy, Mikhail"]
[Black "Aradhya, Garg"]
[WhiteFideId "34164453"]
[BlackFideId "25006746"]
[WhiteElo "2010"]
[BlackElo "2169"]
[Result "1-0"]
[Round "11"]
[TimeControl "180+1"]
[Date "2022.02.08"]
[WhiteClock "0:00:17"]
[BlackClock "0:00:08"]

1. d4 d5 2. c4 c6 3. Nf3 Nf6 4. Nbd2 Bf5 5. Nh4 Be4 6. f3 Bg6 7. Qb3 Qb6 8. Nxg6 hxg6 9. e3 e6 10. g3 Bd6 11. Bg2 Qc7 12. c5 Be7 13. f4 b6 14. cxb6 axb6 15. O-O c5 16. e4 Nc6 17. dxc5 Bxc5+ 18. Kh1 Ng4 19. h3 Ne3 20. exd5 exd5 21. Re1 O-O-O 22. Rxe3 Na5 23. Qd3 Bxe3 24. Qxe3 Rhe8 25. Qg1 Nc6 26. Nb3 Re6 27. Be3 d4 28. Nxd4 Rxe3 29. Qxe3 Rxd4 30. Rc1 Rd6 31. Qe8+ Kb7 32. Bxc6+ Rxc6 33. Qe4 f5 34. Qf3 b5 35. Kg2 Kb6 36. Rxc6+ Qxc6 37. Qxc6+ Kxc6 38. Kf3 Kd5 39. Ke3 Kc4 40. Kd2 Kd4 41. b3 b4 42. Kc2 Ke3 43. a4 bxa3 44. b4 a2 45. Kb2 Kd4 46. Kxa2 Kc4 47. Ka3 Kb5 48. Kb3 Kb6 49. Kc4 Kc6 50. b5+ Kb6 51. Kb4 Kb7 52. Kc5 Kc7 53. b6+ Kb7 54. Kb5 Kb8 55. Kc6 Kc8 56. b7+ Kb8 57. Kb6 1-0


[Site "https://www.chess.com"]

[Event "Early Titled Tuesday Blitz | February 8 2022"]
[White "Politov, Pavel Y."]
[Black "Dobre, Claudiu-Cristian"]
[WhiteFideId "24110515"]
[BlackFideId "1211854"]
[WhiteElo "2090"]
[BlackElo "2207"]
[Result "0-1"]
[Round "11"]
[TimeControl "180+1"]
[Date "2022.02.08"]
[WhiteClock "0:00:01"]
[BlackClock "0:00:11"]

1. e4 Nc6 2. d4 d5 3. e5 Bf5 4. g4 Be4 5. f3 Bg6 6. h4 h5 7. c3 e6 8. Bd3 Bxd3 9. Qxd3 hxg4 10. fxg4 Rxh4 11. Qf3 Be7 12. Nh3 Qd7 13. Rf1 O-O-O 14. Qg3 Nh6 15. Nf2 Rh8 16. g5 Nf5 17. Qf3 Qd8 18. Nd2 Bxg5 19. Qd3 R4h6 20. Nf3 Bxc1 21. Rxc1 g5 22. Kd2 Rg6 23. Rg1 Qe7 24. Kc2 Kb8 25. Kb1 Nd8 26. Ng4 c5 27. Nf6 Nc6 28. Rxg5 Rxg5 29. Nxg5 cxd4 30. cxd4 Nfxd4 31. Qe3 Nf5 32. Qd3 Rc8 33. Rf1 Nxe5 0-1


[Site "https://www.chess.com"]

[Event "Early Titled Tuesday Blitz | February 8 2022"]
[White "Praggnanandhaa R"]
[Black "Guliyev, Namig"]
[WhiteFideId "25059530"]
[BlackFideId "13400363"]
[WhiteElo "2599"]
[BlackElo "2487"]
[Result "1-0"]
[Round "11"]
[TimeControl "180+1"]
[Date "2022.02.08"]
[WhiteClock "0:00:13"]
[BlackClock "0:00:01"]

1. Nf3 d5 2. g3 Nd7 3. d4 Nb6 4. Bg2 Bf5 5. O-O Nf6 6. Ne5 e6 7. c4 Be4 8. f3 Bg6 9. Nc3 Nxc4 10. Nxc4 dxc4 11. Qa4+ c6 12. Qxc4 Be7 13. e4 O-O 14. Be3 Nd7 15. Rfd1 Rc8 16. b4 a6 17. a3 Qb6 18. Qe2 Qc7 19. Rac1 Qb8 20. f4 f5 21. d5 cxd5 22. exd5 e5 23. d6 Bd8 24. fxe5 Nxe5 25. Nd5 Rxc1 26. Rxc1 Re8 27. Nc7 Bxc7 28. dxc7 Qc8 29. Bf4 Nc6 30. Qd3 Bf7 31. Rd1 Be6 32. Qd6 h6 33. h4 Kh7 34. Kh2 Bf7 35. Rd2 Be6 36. Re2 Bd7 37. Rd2 Be6 38. a4 Qa8 39. b5 axb5 40. axb5 Na7 41. b6 Nc8 42. Qc5 Qa6 43. Rd8 Rg8 44. Be3 Qe2 45. Rd2 Qe1 46. Qd4 Qb1 47. Bf4 1-0


[Site "https://www.chess.com"]

[Event "Early Titled Tuesday Blitz | February 8 2022"]
[White "Prieto Aranguren, Alain"]
[Black "Pires, Marcos Vinicius Torsani"]
[WhiteFideId "2268906"]
[BlackFideId "2118939"]
[WhiteElo "2235"]
[BlackElo "2273"]
[Result "1-0"]
[Round "11"]
[TimeControl "180+1"]
[Date "2022.02.08"]
[WhiteClock "0:01:26"]
[BlackClock "0:02:01"]

1. e4 c6 2. d4 d5 3. f3 dxe4 4. fxe4 e5 5. Nf3 Bg4 6. Bc4 Nd7 7. O-O Bd6 8. Bxf7+ Kxf7 9. Nxe5+ Ke8 10. Qxg4 Bxe5 11. dxe5 Qe7 12. Bg5 Qxe5 13. Nc3 h6 14. Rad1 Ndf6 15. Bxf6 Nxf6 16. Qg6+ Kf8 17. Rd7 1-0


[Site "https://www.chess.com"]